Map: Simulacrum LE

Players

BerryRAWR - Winner!

  • Race: Terran Terran
  • League: Grandmaster
  • Spawn Location: 11:00

Goobs

  • Race: Protoss Protoss
  • League: Grandmaster
  • Spawn Location: 5:00

VOD

Have the link to the VOD?

Description

Time

  • Played on: April 28, 2020, 2:57 a.m.
  • Length: 16:55
Show
View Real Time Build Order
Export as new Build Order

BerryRAWR Terran - Winner!

Build Orders: Mech 

Get SALT Encoding   

  12  0:01  SCV  
  13  0:13  SCV  
  14  0:17  Supply Depot  
  14  0:26  SCV  
  15  0:40  Barracks  
  15  0:41  SCV  
  16  0:45  Refinery  
  16  0:53  SCV  
  16  0:55  Refinery  
  17  1:08  SCV  
  18  1:27  Marine, Orbital Command  
  19  1:40  Factory  
  19  1:57  Supply Depot  
  19  2:05  SCV  
  20  2:17  SCV  
  20  2:20  Command Center  
  20  2:22  Barracks Tech Lab  
  21  2:26  Widow Mine  
  23  2:34  Armory  
  23  2:39  Supply Depot  
  23  2:43  SCV  
  24  2:53  Barracks Reactor  
  24  2:55  SCV  
  25  2:59  Widow Mine  
  27  3:07  SCV  
  27  3:11  Starport  
  28  3:19  SCV  
  29  3:20  Widow Mine  
  29  3:26  Drilling Claws  
  31  3:31  SCV  
  34  3:34  Orbital Command  
  32  3:41  Marine x2  
  32  3:43  Widow Mine  
  36  3:54  Medivac, Orbital Command  
  38  3:56  SCV  
  38  3:59  Marine x2  
  41  4:11  Siege Tank  
  41  4:14  Bunker  
  44  4:21  SCV x2  
  46  4:32  Supply Depot  
  46  4:33  SCV  
  46  4:36  SCV, Supply Depot  
  48  4:45  SCV  
  39  4:49  SCV  
  39  4:50  Marine x2, Siege Tank  
  45  4:57  SCV  
  45  4:59  Supply Depot  
  46  5:01  SCV  
  46  5:08  Marine x2  
  46  5:09  SCV  
  46  5:10  Medivac  
  46  5:13  SCV  
  52  5:21  SCV  
  52  5:22  Supply Depot  
  52  5:23  Refinery  
  52  5:25  SCV  
  54  5:33  SCV  
  58  5:35  Widow Mine  
  58  5:36  Concussive Shells, Widow Mine, Marauder  
  58  5:37  SCV  
  61  5:45  Supply Depot  
  61  5:46  SCV  
  61  5:48  Medivac  
  61  5:49  SCV  
  65  5:55  Command Center  
  69  5:57  Widow Mine x2  
  69  5:58  SCV  
  69  6:01  SCV  
  69  6:03  Marauder  
  73  6:07  Refinery  
  73  6:09  Supply Depot  
  73  6:10  SCV  
  74  6:13  SCV  
  74  6:18  Supply Depot, Widow Mine x2  
  79  6:22  SCV  
  82  6:25  Marauder  
  82  6:28  Supply Depot  
  82  6:30  SCV  
  83  6:33  Stimpack  
  83  6:34  SCV  
  88  6:40  Widow Mine x2  
  88  6:41  Factory  
  88  6:44  SCV, Factory  
  89  6:47  Supply Depot  
  93  7:01  Widow Mine x2  
  91  7:17  Medivac  
  91  7:22  Widow Mine x2  
  95  7:33  Factory Reactor  
  95  7:34  Factory Reactor  
  95  7:36  Marauder  
  95  7:40  Command Center  
  95  7:42  Engineering Bay x2  
  95  7:44  Widow Mine x2  
  95  8:01  Starport Reactor  
  95  8:05  Widow Mine  
  97  8:07  Supply Depot, Planetary Fortress  
  97  8:10  Supply Depot  
  97  8:16  SCV x2  
  98  8:29  SCV  
  99  8:35  Widow Mine x6  
  109  8:46  Medivac x2  
  107  8:49  Terran Infantry Weapons Level 1, Terran Infantry Armor Level 1  
  107  8:50  SCV  
  107  8:51  SCV  
  107  8:53  Marauder  
  111  8:56  Widow Mine x2  
  111  8:57  Widow Mine x2  
  111  8:59  SCV  
  120  9:03  SCV  
  120  9:05  Combat Shield  
  119  9:15  Marauder  
  119  9:16  Medivac x2  
  125  9:23  SCV  
  125  9:24  SCV  
  127  9:34  Widow Mine x5  
  127  9:35  Marine  
  138  9:39  SCV x2  
  138  9:40  SCV  
  138  9:41  Refinery  
  138  9:42  Refinery  
  141  9:46  Medivac x2  
  141  9:48  Command Center  
  141  9:49  Command Center  
  141  9:51  SCV  
  141  9:52  SCV  
  141  9:53  SCV  
  141  9:59  Widow Mine x2  
  146  10:12  Widow Mine  
  140  10:16  Widow Mine x2  
  146  10:21  Widow Mine  
  146  10:25  Widow Mine  
  146  10:30  Medivac x2  
  150  10:36  Widow Mine x2  
  150  10:38  Widow Mine, Terran Vehicle And Ship Armor Level 1  
  154  10:47  Missile Turret  
  154  10:48  Missile Turret  
  148  10:54  Widow Mine x2  
  150  10:58  Widow Mine x2  
  150  11:00  Medivac  
  146  11:15  Widow Mine x2  
  146  11:16  SCV x2, Orbital Command  
  146  11:17  Orbital Command  
  146  11:24  Command Center  
  132  11:34  Widow Mine  
  132  11:35  Widow Mine  
  132  11:36  Widow Mine x2  
  132  11:37  Widow Mine x2  
  132  11:38  SCV x2  
  132  11:39  SCV  
  143  11:41  Planetary Fortress  
  143  11:42  SCV x2  
  143  11:45  Neosteel Armor  
  143  11:46  Hi-Sec Auto Tracking  
  143  11:48  Supply Depot  
  143  11:49  Supply Depot x2  
  143  11:50  SCV x2  
  143  11:51  SCV  
  145  11:54  SCV x2  
  145  11:56  Widow Mine x2  
  145  11:57  Widow Mine  
  145  11:59  Widow Mine x2  
  154  12:02  SCV  
  154  12:03  SCV x2  
  155  12:15  Refinery  
  155  12:19  Widow Mine x2  
  155  12:20  Widow Mine  
  155  12:21  Medivac x2, Widow Mine  
  165  12:34  Widow Mine x2  
  145  12:43  Marauder  
  145  12:46  Barracks  
  145  12:47  Barracks  
  145  12:48  Barracks  
  145  12:49  Barracks x2, Terran Infantry Weapons Level 2  
  145  12:51  Medivac x2  
  145  12:53  Widow Mine x2  
  155  13:02  Widow Mine x4  
  155  13:04  Marauder  
  161  13:14  Widow Mine  
  161  13:17  SCV x2  
  161  13:19  Refinery  
  165  13:21  Medivac x2  
  165  13:22  Supply Depot  
  165  13:24  Terran Infantry Armor Level 2  
  165  13:25  Supply Depot  
  165  13:26  Marauder  
  171  13:28  Widow Mine x2  
  175  13:39  Widow Mine x3  
  181  13:47  Marauder  
  181  13:52  Barracks Tech Lab x3  
  181  13:53  Barracks Tech Lab x2  
  181  13:55  Widow Mine x3  
  175  14:00  Widow Mine x2  
  175  14:01  Widow Mine  
  172  14:08  Marauder  
  122  14:20  Widow Mine x2  
  122  14:22  Marauder x5  
  122  14:23  Widow Mine x3  
  122  14:24  Medivac x2, Widow Mine  
  132  14:30  Marauder  
  126  14:41  Widow Mine, Planetary Fortress  
  126  14:42  Widow Mine  
  126  14:43  Marauder x5  
  126  14:45  Widow Mine x2  
  140  14:50  Widow Mine x2  
  140  14:51  Marauder  
  144  14:54  Medivac x2  
  148  15:04  Marauder x2  
  148  15:05  Widow Mine x2, Marauder x3  
  163  15:07  SCV  
  163  15:12  Marauder  
  165  15:20  Widow Mine x4  
  173  15:26  Widow Mine, Marauder x5  
  177  15:34  Marauder  
  166  15:38  Widow Mine  
  166  15:41  Widow Mine  
  146  15:45  Widow Mine  
  146  15:46  SCV, Widow Mine  
  146  15:47  SCV x3, Marauder x3  
  146  15:48  SCV  
  146  15:49  SCV  
  160  15:50  Marauder x2  
  160  15:55  Marauder  
  166  15:58  SCV  
  166  15:59  SCV x2  
  169  16:08  Marauder  
  169  16:09  Marauder x2  
  167  16:12  Marauder  
  157  16:22  Widow Mine x2  
  153  16:31  Widow Mine x2, Marauder x3  
Show
View Real Time Build Order
Export as new Build Order

Goobs Protoss 

Build Orders: Blink Stalkers 

Get SALT Encoding   

  12  0:00  Probe  
  13  0:12  Probe  
  14  0:17  Pylon  
  14  0:25  Probe (Chrono Boost)  
  15  0:37  Probe (Chrono Boost), Gateway  
  16  0:45  Probe (Chrono Boost)  
  16  0:46  Assimilator  
  17  0:51  Probe  
  18  1:03  Probe  
  19  1:15  Probe  
  20  1:27  Probe, Zealot  
  20  1:28  Cybernetics Core  
  20  1:29  Pylon  
  20  1:32  Assimilator  
  23  1:47  Probe  
  24  1:59  Probe  
  24  2:04  Adept (Chrono Boost)  
  24  2:05  Warp Gate (Chrono Boost)  
  26  2:15  Nexus  
  26  2:16  Probe  
  27  2:26  Pylon  
  27  2:29  Sentry  
  29  2:41  Probe  
  30  2:48  Twilight Council  
  30  2:53  Probe  
  29  3:11  Gateway  
  29  3:13  Gateway  
  29  3:15  Blink (Chrono Boost)  
  29  3:19  Gateway  
  29  3:39  Shield Battery  
  29  3:47  Probe x2, Stalker  
  33  3:59  Probe  
  33  4:00  Probe  
  35  4:06  Stalker  
  35  4:09  Stalker  
  39  4:11  Probe  
  39  4:12  Probe  
  39  4:16  Stalker  
  43  4:23  Probe  
  44  4:24  Probe  
  44  4:25  Stalker  
  47  4:35  Probe  
  47  4:36  Probe  
  49  4:47  Probe  
  49  4:48  Probe  
  49  4:50  Robotics Facility  
  49  4:52  Sentry  
  53  4:57  Pylon  
  53  4:59  Probe  
  54  5:03  Charge (Chrono Boost)  
  54  5:07  Pylon  
  54  5:15  Probe x2  
  56  5:21  Nexus  
  56  5:25  Sentry  
  56  5:27  Probe x2  
  60  5:39  Probe x2  
  60  5:40  Observer (Chrono Boost)  
  63  5:45  Pylon  
  63  5:47  Assimilator  
  63  5:52  Probe x2, Gateway  
  63  5:55  Gateway  
  65  5:57  Pylon  
  65  6:01  Pylon  
  65  6:05  Gateway  
  65  6:06  Gateway  
  65  6:07  Pylon  
  65  6:13  Immortal (Chrono Boost)  
  69  6:28  Gateway  
  69  6:31  Gateway  
  69  6:33  Forge  
  69  6:34  Probe (Chrono Boost)  
  69  6:35  Probe (Chrono Boost)  
  69  6:36  Probe (Chrono Boost)  
  72  6:45  Probe x2 (Chrono Boost)  
  72  6:46  Probe (Chrono Boost), Templar Archives  
  75  6:47  Observer  
  75  6:50  Probe x2 (Chrono Boost)  
  75  6:51  Probe (Chrono Boost)  
  75  6:52  Pylon  
  79  7:01  Probe x2  
  77  7:02  Probe  
  76  7:09  Observer  
  76  7:13  Probe x2  
  76  7:14  Probe  
  80  7:25  Probe x2  
  80  7:26  Probe  
  78  7:37  Probe  
  79  7:45  Probe x2  
  79  7:46  Photon Cannon  
  79  7:49  Probe  
  82  7:57  Probe x2  
  82  7:58  Protoss Ground Weapons Level 1 (Chrono Boost)  
  84  8:00  Templar Archives  
  84  8:01  Probe  
  85  8:09  Probe  
  85  8:10  Probe  
  87  8:13  Probe, Assimilator  
  87  8:16  Assimilator  
  87  8:17  Pylon  
  88  8:20  Pylon, Photon Cannon  
  88  8:21  Probe  
  88  8:22  High Templar x2, Photon Cannon  
  88  8:26  Probe  
  92  8:29  Probe  
  92  8:33  Archon  
  92  8:34  Probe  
  84  8:38  Probe (Chrono Boost)  
  86  8:43  Probe (Chrono Boost)  
  86  8:46  Probe (Chrono Boost)  
  82  8:50  Probe (Chrono Boost)  
  82  8:55  High Templar x2, Photon Cannon, Warp Prism (Chrono Boost)  
  89  8:56  Probe (Chrono Boost)  
  89  8:58  Probe x2 (Chrono Boost)  
  89  9:01  Probe (Chrono Boost)  
  89  9:02  Archon  
  92  9:05  Probe  
  92  9:08  Probe  
  95  9:12  Probe  
  96  9:17  Probe  
  96  9:18  High Templar x2, Assimilator  
  96  9:20  Probe  
  102  9:26  Archon  
  102  9:30  Robotics Bay  
  102  9:31  Pylon  
  102  9:32  Observer  
  102  9:36  Pylon  
  102  9:37  Photon Cannon  
  102  9:38  Shield Battery  
  102  9:40  Stalker  
  102  9:41  Stalker x4  
  108  9:52  Immortal (Chrono Boost)  
  108  9:55  Probe  
  108  9:59  Gateway  
  113  10:16  Probe  
  112  10:23  Zealot  
  112  10:24  Probe  
  110  10:31  Observer (Chrono Boost)  
  110  10:34  Probe  
  110  10:35  Probe  
  111  10:40  Zealot x2  
  111  10:41  Zealot  
  111  10:42  Photon Cannon, Zealot  
  119  10:43  Probe  
  119  10:46  Probe  
  119  10:47  Probe  
  122  10:56  Probe  
  123  10:58  Zealot x2, Stalker x4  
  123  10:59  Zealot  
  125  11:13  Probe x2  
  125  11:19  Probe, Stalker  
  125  11:20  Stalker x4  
  137  11:25  Probe  
  137  11:29  Probe  
  138  11:38  Zealot x2  
  142  11:42  Stalker  
  142  11:43  Stalker  
  142  11:44  Nexus  
  146  11:48  High Templar  
  146  11:49  High Templar x3  
  154  11:57  Photon Cannon  
  154  11:59  Pylon  
  154  12:01  Extended Thermal Lance (Chrono Boost)  
  154  12:05  Pylon  
  154  12:08  Robotics Facility  
  152  12:15  Colossus (Chrono Boost)  
  152  12:16  Archon  
  152  12:17  Archon  
  143  12:32  Stalker  
  143  12:33  Stalker x3  
  143  12:40  Zealot x4  
  143  12:41  Zealot x3  
  143  12:43  Protoss Ground Armor Level 1 (Chrono Boost)  
  157  12:55  Probe x3, Colossus (Chrono Boost)  
  166  13:02  Probe  
  167  13:07  Probe x2  
  167  13:10  Probe  
  167  13:12  Colossus (Chrono Boost)  
  170  13:14  Probe  
  170  13:19  Probe x2  
  179  13:22  Probe  
  180  13:28  Probe  
  180  13:31  Assimilator  
  181  13:34  Assimilator  
  181  13:35  Zealot x4  
  188  13:42  Pylon  
  188  13:44  Pylon  
  188  13:45  Pylon  
  188  13:53  Zealot x4  
  188  13:54  Zealot x3  
  154  14:17  Stalker x3  
  154  14:18  Stalker x3  
  154  14:19  Colossus (Chrono Boost)  
  158  14:37  High Templar x4  
  162  14:43  Forge  
  156  14:46  Pylon  
  156  14:52  Archon  
  152  14:53  Archon  
  152  14:59  Colossus (Chrono Boost)  
  152  15:00  Stargate  
  152  15:06  Zealot x3, Stalker x4  
  172  15:08  Pylon  
  172  15:19  Zealot x4  
  152  15:37  Stalker x3  
  152  15:38  Stalker x4  
  128  15:44  Colossus (Chrono Boost)  
  128  15:45  Colossus (Chrono Boost)  
  128  15:54  Zealot x3  
  134  16:05  High Templar x2  
  134  16:11  Archon  
  132  16:12  Pylon  
  132  16:17  Zealot x5  
  130  16:22  Zealot x2  
  101  16:27  Zealot x2  
  99  16:38  Zealot x5  
  105  16:44  Zealot x4  
  105  16:45  Zealot x4  
  103  16:50  Stalker  
Tags
 
Add a new tag
Caveats
  • Supply blocks, unpowered buildings, or Contaminate may cause inaccurate times.
  • Supply counts are checked every 10 seconds.